 Dungeon Crawl Stone Soup version 0.24-a0-250-g6074511 (webtiles) character file.

Game seed: 4068120393550547264

18 Lanoc the Firebug (level 2, -1/20 HPs)
             Began as a Draconian Wanderer on Apr 15, 2019.
             Slain by a worm (9 damage)
             ... on level 2 of the Dungeon.
             The game lasted 00:01:57 (878 turns).

Lanoc the Firebug (Draconian Wanderer)               Turns: 878, Time: 00:01:57

Health: -1/20      AC:  4    Str: 16    XL:     2   Next: 48%
Magic:  0/3        EV: 11    Int: 11    God:
Gold:   37         SH:  0    Dex:  9    Spells: 1/2 levels left

rFire    . . .     SeeInvis .   a - +0 club
rCold    . . .     Gourm    +   (no shield)
rNeg     . . .     Faith    .   (armour unavailable)
rPois    .         Spirit   .   (helmet restricted)
rElec    .         Reflect  .   (no cloak)
rCorr    .         Harm     .   (no gloves)
MR       .....                  (no boots)
Stlth    ++........             i - amulet of the gourmand
HPRegen  0.06/turn              (no ring)
MPRegen  0.08/turn              (no ring)

@: very slightly contaminated
A: unfitting armour, cold-blooded, AC +4
a: no special abilities


You were on level 2 of the Dungeon.
You were full.

You visited 1 branch of the dungeon, and saw 2 of its levels.

You collected 37 gold pieces.

Inventory:

Hand Weapons
 a - a +0 club (weapon)
 e - a +0 dagger
Jewellery
 i - an amulet of the gourmand (around neck)
Scrolls
 c - a scroll of teleportation
 d - a scroll of immolation {unknown}
 g - 2 scrolls of identify {unknown}
 h - a scroll of blinking {unknown}
 k - a scroll of fear {unknown}
Potions
 b - a potion of curing
 j - a potion of brilliance {unknown}
Comestibles
 f - 2 rations


   Skills:
   Level 3.0 Staves
 + Level 0.6 Dodging
 - Level 1.7 Stealth
 + Level 0.7 Spellcasting
 * Level 3.5 Fire Magic
   Level 2.0 Evocations


You had one spell level left.
You knew the following spells:

 Your Spells              Type           Power        Failure   Level  Hunger
a - Flame Tongue          Conj/Fire      #....        16%         1    ##.....

Your spell library contained the following spells:

 Spells                   Type           Power        Failure   Level  Hunger
 Throw Flame              Conj/Fire      #.....       24%         2    ###....
 Conjure Flame            Conj/Fire      #.......     43%         3    ####...
 Inner Flame              Hex/Fire       #.......     43%         3    ####...
 Sticky Flame             Conj/Fire      #.......     85%         4    #####..
 Fireball                 Conj/Fire      #.........   99%         5    ######.


Dungeon Overview and Level Annotations

Branches:
Dungeon (2/15)

Altars:


Innate Abilities, Weirdness & Mutations

Your plain brown scales are hard. (AC +4)
You cannot fit into any form of body armour.
You are cold-blooded and may be slowed by cold attacks.


Message History

Nothing appears to happen.
Casting: Flame Tongue (safe; 16% risk of failure)
Confirm with . or Enter, or press ? or * to list all spells.
Aiming: Flame Tongue (safe; 16% risk of failure)
Press: ? - help, Shift-Dir - straight line, f/p - worm
Aim: a worm (moderately wounded)
You miscast Flame Tongue.
Lukewarm flames ripple over your body. The worm bites you.
You hit the worm.
Your tail-slap misses the worm.
The worm is heavily wounded.
The worm bites you.
You hit the worm.
The worm is heavily wounded.
You hit the worm. You tail-slap the worm.
The worm is almost dead.
The worm bites you.
You hit the worm but do no damage.
The worm is almost dead.
The worm bites you!
You die...

#####.##..# ...#.
#.........# . ..#.
####.##..#...## .. ....
............... ...
...####.#....#....#. .
.. #$..##.#.(.......#.
...#.#.#.........#..#...
.................>....#.
#<.w@.?....##.#..#†..
######.............##
########.#......
#...##.## #........
#..#.#.## #?.#.#.## ####
#.## #.##


You could see a worm.

Vanquished Creatures
  A leopard gecko (D:2)
  2 giant cockroaches (D:1)
  A goblin (D:1)
  2 hobgoblins (D:1)
  A kobold (D:1)
  4 bats (D:1)
  6 rats (D:1)
17 creatures vanquished.

Notes
Turn   | Place    | Note
-------+----------+-------------------------------------------
     0 | D:1      | Lanoc the Draconian Wanderer began the quest for the Orb.
     0 | D:1      | Lanoc set off with the following items: a +0 club, a potion
                  | of curing, a scroll of teleportation, a +0 dagger, a
                  | ration; and the following spell memorised: Flame Tongue;
                  | and the following spells available to memorise: Throw
                  | Flame, Conjure Flame, Inner Flame, Sticky Flame, Fireball
     0 | D:1      | Reached XP level 1. HP: 14/14 MP: 2/2
   280 | D:1      | Reached XP level 2. HP: 17/20 MP: 3/3
   878 | D:2      | Slain by a worm

Levels and vault maps discovered:
D:1:      dpeg_arrival_prison, layout_basic, minmay_misc_feat_enclosed,
          minmay_cut_off
D:2:      layout_basic, lemuel_doored_altar, lemuel_crystal_altar,
          gammafunk_temple_overflow_pools, serial_corexii_hall,
          chequers_hall_statues_wall_a, corexii_hall_statues_deadend

Action                   || total
-------------------------++-------
Melee: Club              ||    58
       Tailslap          ||     5
 Cast: Flame Tongue      ||     5
  Eat: Chunk             ||     8
Armor: Skin              ||    30
Dodge: Dodged            ||    50

Table legend:
 A = Non-vault XP
 B = Vault XP
 C = Vault XP percentage of total XP
 D = Non-vault monster count
 E = Vault monster count
 F = Vault count percentage of total count
                 A         B        C        D         E       F
            +---------+---------+-------+---------+---------+-------
      Total |      24 |       2 |   7.7 |      15 |       2 |  11.8
            +---------+---------+-------+---------+---------+-------
        D:1 |      21 |       2 |   8.7 |      14 |       2 |  12.5
        D:2 |       3 |       0 |   0.0 |       1 |       0 |   0.0
            +---------+---------+-------+---------+---------+-------
